 Dungeon Crawl Stone Soup version 0.23.2 (webtiles) character file.

Game seed: 11739440647783525092

28 Borgoz the Skirmisher (level 3, -6/31 HPs)
             Began as a Ghoul Fighter on Apr 4, 2019.
             Was an Initiate of Ashenzari.
             Mangled by a worm (9 damage)
             ... on level 2 of the Dungeon.
             The game lasted 00:01:35 (982 turns).

Borgoz the Skirmisher (Ghoul Fighter)                Turns: 982, Time: 00:01:35

Health: -6/31      AC:  6    Str: 19    XL:     3   Next: 14%
Magic:  2/2        EV: 10    Int:  4    God:    Ashenzari [......]
Gold:   56         SH:  0    Dex:  8    Spells: 2/2 levels left

rFire    . . .     SeeInvis .   a - +0 rapier
rCold    + . .     Gourm    .   (no shield)
rNeg     + + +     Faith    .   b - +0 scale mail
rPois    ∞         Spirit   .   (no helmet)
rElec    .         Reflect  .   (no cloak)
rCorr    .         Harm     .   (no gloves)
MR       .....                  (no boots)
Stlth    ..........             (no amulet)
HPRegen  0.00/turn              (no ring)
MPRegen  0.08/turn              (no ring)

@: rotting
A: rotting body, claws 1, carnivore, cold resistance 1, negative energy
resistance 3, inhibited regeneration, torment resistance, unbreathing
a: Curse Item, Renounce Religion


You were on level 2 of the Dungeon.
You worshipped Ashenzari.
Ashenzari was noncommittal.
You were not hungry.

You visited 1 branch of the dungeon, and saw 2 of its levels.

You collected 56 gold pieces.

Inventory:

Hand Weapons
 a - a +0 rapier (weapon)
Armour
 b - a +0 scale mail (worn)
 c - a +0 shield
Scrolls
 e - a scroll of magic mapping {unknown}
 i - a scroll of identify {unknown}
Potions
 d - a potion of might
 h - a potion of berserk rage {unknown}
Comestibles
 f - 3 rations
 g - 2 chunks of flesh


   Skills:
 + Level 3.4 Fighting
 * Level 2.2 Short Blades
 + Level 2.8 Armour
 * Level 1.2 Dodging
 + Level 1.0 Stealth
 - Level 2.6 Shields


You had 2 spell levels left.
You didn't know any spells.
Your spell library was empty.

Dungeon Overview and Level Annotations

Branches:
Dungeon (2/15)

Altars:
Ashenzari


Innate Abilities, Weirdness & Mutations

Your body is rotting away.
You thrive on raw meat.
You are immune to poison.
You have sharp fingernails.
You are carnivorous and can eat meat at any time.
Your flesh is cold resistant. (rC+)
You are immune to negative energy. (rN+++)
You do not regenerate when monsters are visible.
You are immune to unholy pain and torment.
You can survive without breathing.


Message History

You hit the quokka.
You kill the quokka!
The worm bites you!
You barely miss the worm. The worm bites you.
* * * LOW HITPOINT WARNING * * *
Your scale mail prevents you from hitting the worm.
You barely miss the worm. The worm bites you.
* * * LOW HITPOINT WARNING * * *
You puncture the worm!
The worm is moderately wounded.
The worm bites you but does no damage.
You completely miss the worm.
The worm is moderately wounded.
You puncture the worm!
The worm is severely wounded.
The worm barely misses you.
You barely miss the worm.
The worm is severely wounded.
The worm bites you!
You die...

...# .... ....>
...?.## .......
####### .$..?..
###......
#...#########....####
#..w@.......#.#†.#...
#...#######.#.#....##
#... #.....#.#....
#### #.#.###.#...#
#.#..........
#.#####.##.## #)#
#...[# #.# ###### #.#


You could see a worm.

Vanquished Creatures
  A gnoll (D:1)
  A worm (D:2)
  A leopard gecko (D:1)
  3 bats (D:1)
  A giant cockroach (D:1)
  2 goblins (D:2)
  2 kobolds (D:1)
  A quokka (D:2)
  A frilled lizard (D:1)
  2 rats
15 creatures vanquished.

Notes
Turn   | Place    | Note
-------+----------+-------------------------------------------
     0 | D:1      | Borgoz the Ghoul Fighter began the quest for the Orb.
     0 | D:1      | Reached XP level 1. HP: 19/19 MP: 0/0
   234 | D:1      | Found a shattered altar of Ashenzari.
   273 | D:1      | Reached XP level 2. HP: 26/26 MP: 1/1
   342 | D:1      | Became a worshipper of Ashenzari the Shackled
   473 | D:1      | Reached skill level 1 in Dodging
   892 | D:2      | Reached skill level 1 in Stealth
   892 | D:2      | Reached XP level 3. HP: 19/31 MP: 2/2
   982 | D:2      | Mangled by a worm

Skill      XL: |  1  2 |
---------------+-------+-----
Short Blades   | 2 |  2.2
Dodging        | 1 |  1.2
Stealth        | 1 |  1.0
Fighting       | |  3.4
Armour         | |  2.8
Shields        | |  2.6

Action                   || total
-------------------------++-------
Melee: Rapier            ||    77
  Eat: Chunk             ||     3
Armor: Scale mail        ||    39
Dodge: Dodged            ||    52
